 Dungeon Crawl Stone Soup version 0.18.1-1-g2f07953 (webtiles) character file.

200 dvd the Chucker (level 5, -3/53 HPs)
             Began as an Ogre Hunter on May 6, 2016.
             Killed by divine providence
             ... invoked by an orc priest
              (15 damage)
             ... on level 2 of the Dungeon.
             The game lasted 00:07:17 (2598 turns).

dvd the Chucker (Ogre Hunter)                       Turns: 2598, Time: 00:07:18

Health: -3/53      AC:  3    Str: 17    XL:     5   Next: 78%
Magic:  5/5        EV: 10    Int: 15    God:
Gold:   153        SH:  0    Dex: 11    Spells: 0 memorised, 4 levels left

rFire  + . .     SeeInvis .     a - +0 mace
rCold  . . .     Gourm    .     b - +0 robe
rNeg   . . .     Faith    .     (no shield)
rPois  .         Spirit   .     (helmet restricted)
rElec  .         Dismiss  .     (no cloak)
rCorr  .         Reflect  .     (gloves unavailable)
SustAt .         Harm     .     (boots unavailable)
MR     .....                    (no amulet)
Stlth  +.........               w - ring of flight
                                h - ring of protection from fire (curse)

@: brilliant, not resistant to hostile enchantments, very unstealthy
A: unfitting armour, tough skin 1
a: Evoke Flight


You were on level 2 of the Dungeon.
You were hungry.

You visited 1 branch of the dungeon, and saw 3 of its levels.

You collected 153 gold pieces.

Inventory:

Hand Weapons
 a - a +0 mace (weapon)
 m - a +0 whip
Missiles
 d - 2 throwing nets (quivered)
Armour
 b - a +0 robe (worn)
Jewellery
 h - a cursed ring of protection from fire (left hand)
 u - an uncursed ring of wizardry
 w - a ring of flight (right hand)
Scrolls
 e - 2 scrolls of teleportation {unknown}
 i - a scroll of enchant weapon {unknown}
 l - a scroll of magic mapping {unknown}
 q - 4 scrolls of enchant armour {unknown}
 r - 2 scrolls of identify {unknown}
 s - 2 scrolls of remove curse {unknown}
 v - a scroll of immolation {unknown}
Potions
 p - a potion of cancellation
 t - a potion of might {unknown}
Comestibles
 f - a bread ration
 k - 3 fruits
 o - 2 slices of pizza


   Skills:
 + Level 3.4 Fighting
 * Level 2.5 Maces & Flails
 + Level 5.3 Throwing
 + Level 3.1 Dodging
 + Level 1.2 Stealth


You had 4 spell levels left.
You didn't know any spells.

Dungeon Overview and Level Annotations

Branches:
Dungeon (3/15)

Altars:
Dithmenos
Qazlal


Innate Abilities, Weirdness & Mutations

You are too large for most types of armour.
You have tough skin (AC +1).


Message History

The orc priest mumbles some strange prayers to Beogh against you.
You struggle to resist.
The orc priest closely misses you.
You closely miss the orc priest.
The orc priest is lightly wounded.
The orc priest mumbles some strange prayers to Beogh against you.
Pain shoots through your body!
* * * LOW HITPOINT WARNING * * *
You hit the orc priest but do no damage.
The orc priest is lightly wounded.
The orc priest closely misses you.
Drink which item? (? for menu, Esc to quit)
It was a potion of brilliance.
You feel clever all of a sudden. The orc priest hits you.
* * * LOW HITPOINT WARNING * * *
Drink which item? (? for menu, Esc to quit)
It was a potion of curing.
You feel better.
The orc priest invokes the aid of Beogh against you.
Beogh smites you!
You die...

...)...#...#.....)............###
..............................#..
.......#..............###.###....
.........#...##...........###.<##
.......###...##..)....##..##...#
.......#.............###...#...#
.........#....#............[...##
####..#.##....#.o....##......#...
##...........@...............#
##...###<..........#.####.#.# ##
#....###.............###..#.#
.####.#..#............#####..##.#
..##.......#..........##....###.#
.>.............#..#.####.#### #..
......#.......##<.#.##...# ##.
.......................### ##
.........................# #


You could see an orc priest.

Vanquished Creatures
  An orc priest (D:3)
  Jessica (D:2)
  Terence (D:3)
  3 gnolls (D:3)
  An adder (D:3)
  An ooze (D:3)
  2 worms
  2 dart slugs (D:2)
  2 giant geckos
  5 orcs
  8 bats
  4 giant cockroaches
  6 goblins
  12 hobgoblins
  2 jackals (D:3)
  2 giant newts
  A kobold (D:1)
  6 rats
60 creatures vanquished.

Notes
Turn   | Place    | Note
--------------------------------------------------------------
     0 | D:1      | dvd the Ogre Hunter began the quest for the Orb.
     0 | D:1      | Reached XP level 1. HP: 22/22 MP: 1/1
   286 | D:1      | Reached XP level 2. HP: 29/29 MP: 2/2
   655 | D:2      | Noticed Jessica
   993 | D:2      | Killed Jessica
   993 | D:2      | Reached skill level 1 in Maces & Flails
   993 | D:2      | Reached XP level 3. HP: 37/37 MP: 3/3
  1094 | D:2      | Found a shadowy altar of Dithmenos.
  1106 | D:2      | Reached XP level 4. HP: 38/45 MP: 4/4
  1479 | D:3      | Reached skill level 5 in Throwing
  1558 | D:3      | Reached skill level 1 in Stealth
  1782 | D:3      | Reached XP level 5. HP: 53/53 MP: 5/5
  2027 | D:3      | Found a stormy altar of Qazlal.
  2029 | D:3      | Noticed Terence
  2041 | D:3      | Killed Terence
  2598 | D:2      | Killed from afar by an orc priest

Skill      XL: |  1  2  3  4  5 |
---------------+----------------+-----
Fighting       | 3 |  3.4
Maces & Flails | 1 2 |  2.5
Dodging        | 2 3 |  3.1
Throwing       | 5 |  5.3
Stealth        | 1 |  1.2

Action                   |  1- 3 |  4- 6 || total
-------------------------+-------+-------++-------
Melee: Short sword       |    22 |       ||    22
       Whip              |    41 |       ||    41
       Mace              |     7 |   103 ||   110
Throw: Large rock        |    22 |    34 ||    56
       Throwing net      |     2 |     1 ||     3
  Use: Potion            |       |     3 ||     3
 Stab: Held in net/web   |       |     1 ||     1
  Eat: Chunk             |     1 |     4 ||     5
Armor: Robe              |    24 |    47 ||    71
Dodge: Dodged            |    55 |    74 ||   129
